 Dungeon Crawl Stone Soup version 0.17-a0-1778-gd369669 (webtiles) character file.

98 4thArraOfDagon the Chopper (level 4, -18/63 HPs)
             Began as a Deep Dwarf Berserker on Sept 8, 2015.
             Was a Follower of Trog.
             Killed from afar by ololoev's ghost (25 damage)
             ... with a bolt of negative energy
             ... on level 4 of the Dungeon.
             The game lasted 00:01:55 (343 turns).

4thArraOfDagon the Chopper (Deep Dwarf Berserker)    Turns: 343, Time: 00:01:55

Health: -18/63     AC:  0    Str: 27    XL:     4   Next: 43%
Magic:  4/4        EV: 11    Int:  7    God:    Trog [*.....]
Gold:   43         SH:  0    Dex: 12    Spells: 0 memorised, 3 levels left

rFire  . . .     SeeInvis .     a - +0 hand axe
rCold  . . .     Clarity  .     (no armour)
rNeg   . . .     SustAt   .     (no shield)
rPois  .         Gourm    .     (no helmet)
rElec  .         Spirit   .     (no cloak)
rCorr  .         Warding  .     (no gloves)
rMut   .         Stasis   .     (no boots)
MR     .....                    (no amulet)
Stlth  ..........               (no ring)
                                (no ring)

@: berserking, non-regenerating, heavily drained, very quick, not resistant to
hostile enchantments, extremely unstealthy
A: damage resistance, recharge devices, sense surroundings 1, slow healing 3
a: Device Recharging, Burn Spellbooks, Berserk, Renounce Religion


You were on level 4 of the Dungeon.
You worshipped Trog.
Trog was aware of your devotion.
You were hungry.

You visited 1 branch of the dungeon, and saw 4 of its levels.

You collected 43 gold pieces.

Inventory:

Hand weapons
 a - a +0 hand axe (weapon)
Armour
 g - a +0 ring mail
Magical devices
 c - a wand of heal wounds (4)
Scrolls
 e - a scroll of enchant armour
Comestibles
 d - a bread ration
 f - 5 chunks of flesh


   Skills:
 + Level 3.3(2.2) Fighting
 * Level 4.7(3.5) Axes
 + Level 3.0(1.9) Armour
 - Level 2.1(1.0) Dodging


You had 3 spell levels left.
You didn't know any spells.

Dungeon Overview and Level Annotations

Branches:
Dungeon (4/15)             Temple (0/1) D:4

Altars:

Annotations:
D:4 ololoev's ghost, experienced DrSk


Innate Abilities, Weirdness & Mutations

You are resistant to damage.
You can recharge devices by infusing magical energy.
You passively map a small area around you.
You do not heal naturally.


Message History

You slash ololoev's ghost!
Ololoev's ghost is severely damaged.
Ololoev's ghost barely misses you.
You barely miss ololoev's ghost.
Ololoev's ghost is severely damaged.
Ololoev's ghost hits you!
* * * LOW HITPOINT WARNING * * *
Unknown command.
You slash ololoev's ghost!
Ololoev's ghost is severely damaged.
Unknown command.
You hit ololoev's ghost.
Ololoev's ghost is almost destroyed.
Ololoev's ghost misses you.
Unknown command.
You slash ololoev's ghost!
Ololoev's ghost is almost destroyed.
Ololoev's ghost breathes negative energy at you.
The bolt of negative energy hits you!
You feel drained.
You die...

, #.......#* ≈ ≈
#.##.##.# ≈*≈ ≈ ,
#.#...#.## ≈ ,
#........# , ,
##....#.## ≈≈ * , 8
#.#.##(#########≈ ,
#.#. #)#≈≈≈≈≈≈≈≈≈ #,
#)[≈≈#≈#≈## *
#..@W.≈≈≈≈≈.
........#.....≈..!
**...#.##.#.........
* , ,..,
#.##..###.#. ## ,
........ #
*###.##### , . ,,, ,
**


You could see ololoev's ghost.

Vanquished Creatures
  A giant frog skeleton (D:4)
  An orc priest (D:4)
  An adder (D:4)
  A worm (D:2)
  8 orcs (D:4)
  A bat (D:2)
  A giant cockroach (D:1)
  3 goblins
  A hobgoblin (D:2)
  A giant gecko skeleton (D:4)
  A giant newt (D:3)
  A rat (D:3)
21 creatures vanquished.

Notes
Turn   | Place    | Note
--------------------------------------------------------------
     0 | D:1      | 4thArraOfDagon the Deep Dwarf Berserker began the quest for the Orb.
     0 | D:1      | Reached XP level 1. HP: 20/20 MP: 1/1
    33 | D:2      | Reached XP level 2. HP: 27/27 MP: 2/2
   134 | D:4      | Found a staircase to the Ecumenical Temple.
   141 | D:4      | Reached skill level 4 in Axes
   141 | D:4      | Reached XP level 3. HP: 34/34 MP: 3/3
   243 | D:4      | Reached XP level 4. HP: 34/42 MP: 4/4
   329 | D:4      | Noticed ololoev's ghost (experienced DrSk)
   343 | D:4      | Killed from afar by ololoev's ghost

Vault maps used:
D:1:      eino_arrival_druids_welcome
D:2:      grunt_temple_overflow_diamond, kennysheep_generic_room_2
D:3:      nicolae_ru_sacrificial_ziggurat
D:4:      kennysheep_the_goblin_king, minmay_temple_entry_large_hall,
          lightli_sewer_entry_pipes, kennysheep_cross_bottleneck

Action                   |  1- 3 |  4- 6 || total
-------------------------+-------+-------++-------
Melee: Hand axe          |    28 |    36 ||    64
Invok: Berserk           |     3 |     1 ||     4
Evoke: Wand              |       |     1 ||     1
  Use: Scroll            |     2 |       ||     2
  Eat: Chunk             |       |     1 ||     1
